 Dungeon Crawl Stone Soup version 0.17.1-2-g5865329 (webtiles) character file.

12 Jerry the Sneak (level 2, 0/18 HPs)
             Began as an Octopode Enchanter on Jan 22, 2016.
             Slain by a crimson imp
             ... wielding a +0 whip
              (6 damage)
             ... on level 2 of the Dungeon.
             The game lasted 00:01:37 (447 turns).

Jerry the Sneak (Octopode Enchanter)                 Turns: 447, Time: 00:01:38

Health: 0/18       AC:  1    Str:  7    XL:     2   Next: 33%
Magic:  5/5        EV: 12    Int: 17    God:
Gold:   97         SH:  0    Dex: 12    Spells: 1 memorised, 4 levels left

rFire  . . .     SeeInvis .     a - +1 dagger
rCold  . . .     Clarity  .     (no shield)
rNeg   . . .     SustAt   .     (helmet restricted)
rPois  .         Gourm    .     (no amulet)
rElec  .         Spirit   .     (no ring)
rCorr  .         Warding  .     (no ring)
rMut   .         Stasis   .     (no ring)
MR     .....                    (no ring)
Stlth  ++++......               (no ring)
                                (no ring)
                                (no ring)
                                (no ring)

@: not resistant to hostile enchantments, stealthy
A: almost no armour, amphibious, 8 rings, constrict 8, camouflage 1, gelatinous
body 1
a: no special abilities


You were on level 2 of the Dungeon.
You were not hungry.

You visited 1 branch of the dungeon, and saw 2 of its levels.

You collected 97 gold pieces.

Inventory:

Hand Weapons
 a - a +1 dagger (weapon)
Scrolls
 d - a scroll of fear {unknown}
 f - a scroll of immolation {unknown}
 g - 2 scrolls of identify {unknown}
 i - a scroll of magic mapping {unknown}
 j - a scroll of teleportation {unknown}
 l - a scroll of noise {unknown}
Potions
 e - 2 potions of heal wounds {unknown}
 h - a potion of might {unknown}
 k - 2 potions of curing {unknown}
Books
 b - a book of Maledictions

   Spells                             Type                      Level
   a - Corona                         Hexes                        1
   b - Ensorcelled Hibernation        Hexes/Ice                    2
   c - Confuse                        Hexes                        3
   d - Tukima's Dance                 Hexes                        3
   e - Dazzling Spray                 Conjuration/Hexes            3
Comestibles
 c - 2 bread rations


   Skills:
 + Level 0.6 Fighting
 + Level 1.3 Short Blades
 + Level 2.2 Dodging
 + Level 4.1 Stealth
 - Level 2.0 Spellcasting
 - Level 3.1 Hexes


You had 4 spell levels left.
You knew the following spells:

 Your Spells              Type           Power        Failure   Level  Hunger
a - Corona                Hex            ##.....      6%          1    #......


Dungeon Overview and Level Annotations

Branches:
Dungeon (2/15)

Altars:


Innate Abilities, Weirdness & Mutations

You cannot wear most types of armour.
You are amphibious.
You can wear up to eight rings at the same time.
You can use your tentacles to constrict eight enemies at once.
Your skin changes colour to match your surroundings (Stealth).
Your rubbery body absorbs attacks (AC +1).


Message History

You constrict the crimson imp, but do no damage.
The crimson imp hits you with a whip.
You hit the crimson imp.
The crimson imp is heavily wounded.
You constrict the crimson imp, but do no damage.
The crimson imp barely misses you.
You hit the crimson imp but do no damage.
The crimson imp is heavily wounded.
You constrict the crimson imp, but do no damage.
The crimson imp hits you but does no damage.
You hit the crimson imp but do no damage.
You squeeze the crimson imp, but do no damage.
The crimson imp is moderately wounded.
You constrict the crimson imp.
The crimson imp picks up a beetle and eats it.
The crimson imp misses you.
You hit the crimson imp. Your squeeze misses the crimson imp.
The crimson imp is severely wounded.
You constrict the crimson imp. The crimson imp hits you with a whip.
You die...

#...........
###......... #####
#.........
###...####.........
#..................
##.#...#............
#.....#_#...........
#?5##..#..#.........
..#..@................
.........?..#...........
##..#.......##....######
....'.......##....#
##..#.......##....######
.......#######..........
##..### #.......... #..
.......††......
...............


You could see a crimson imp.

Vanquished Creatures
  A worm (D:2)
  A giant gecko (D:1)
  A hobgoblin (D:1)
  3 jackals (D:2)
  3 bats
  A goblin (D:1)
10 creatures vanquished.

Vanquished Creatures (others)
  A ball python (D:1)
1 creature vanquished.

Grand Total: 11 creatures vanquished

Notes
Turn   | Place    | Note
--------------------------------------------------------------
     0 | D:1      | Jerry the Octopode Enchanter began the quest for the Orb.
     0 | D:1      | Reached XP level 1. HP: 11/11 MP: 3/3
   269 | D:1      | You fall through a shaft!
   296 | D:2      | Reached XP level 2. HP: 17/17 MP: 5/5
   326 | D:2      | Found a faded altar to an unknown god.
   447 | D:2      | Slain by a crimson imp

Action                   || total
-------------------------++-------
Melee: Dagger            ||    26
 Stab: Sleeping          ||     3
